 Dungeon Crawl Stone Soup version 0.28-a0-1624-g820543e53a (webtiles) character file.

Game seed: 2834704580905622566

70 HallandMoats the Skirmisher (level 4, -1/40 HPs)
             Began as a Ghoul Fighter on Jan 23, 2022.
             Slain by an iron imp (7 damage)
             ... summoned by Natasha
             ... on level 2 of the Dungeon.
             The game lasted 00:01:43 (821 turns).

HallandMoats the Skirmisher (Ghoul Fighter)          Turns: 821, Time: 00:01:43

Health: -1/40      AC:  6    Str: 19    XL:     4   Next: 22%
Magic:  4/4        EV:  9    Int:  5    God:
Gold:   102        SH:  4    Dex:  8    Spells: 3/3 levels left

rFire   . . .      SeeInvis .   a - +3 long sword "Qoorupea" {flame, rC+}
rCold   + + .      Faith    .   b - +0 buckler
rNeg    + + +      Spirit   .   h - +0 scale mail
rPois   ∞          Reflect  .   (no helmet)
rElec   .          Harm     .   (no cloak)
rCorr   .          Rampage  .   (no gloves)
Will    .....                   (no boots)
Stlth   ..........              (no amulet)
HPRegen 0.00/turn               (no ring)
MPRegen 0.09/turn               (no ring)

@: inhibited regen, slowed, very slow
A: claws 1, cold resistance 1, negative energy resistance 3, inhibited
regeneration, torment resistance 2
a: no special abilities


You were on level 2 of the Dungeon.
You visited 1 branch of the dungeon, and saw 2 of its levels.

You collected 102 gold pieces.

Inventory:

Hand Weapons
 a - the +3 long sword "Qoorupea" (weapon) {flame, rC+}
   (You found it on level 2 of the Dungeon)

   It burns those it strikes, dealing additional fire damage.
   Big, fiery blades are also staple armaments of hydra-hunters.
   rC:        It protects you from cold.
Armour
 b - a +0 buckler (worn)
 h - a +0 scale mail (worn)
Scrolls
 e - a scroll of torment {unknown}
Potions
 c - a potion of might
 d - a potion of curing {unknown}
 f - a potion of resistance {unknown}
 g - a potion of berserk rage {unknown}


   Skills:
 + Level 3.8 Fighting
 * Level 1.0 Long Blades
 + Level 3.0 Armour
 + Level 1.1 Dodging
 + Level 3.0 Shields
 - Level 2.1 Unarmed Combat
 + Level 1.6 Invocations


You had 3 spell levels left.
You didn't know any spells.
Your spell library was empty.

Dungeon Overview and Level Annotations

Branches:
Dungeon (2/15)

Altars:

Shops:
D:1 =

Annotations:
D:2 Natasha


Innate Abilities, Weirdness & Mutations

You thrive by killing the living.
You are immune to poison.
You have sharp fingernails.
Your flesh is cold resistant. (rC+)
You are immune to negative energy. (rN+++)
You do not regenerate when monsters are visible.
You are immune to unholy pain and torment.


Message History

You closely miss the ball python. The ball python barely misses you.
The ball python closely misses you. x2; The ball python misses you.
You hit the ball python. You burn the ball python.
You kill the ball python!
The endoplasm freezes you.
You are frozen.
You resist.
Natasha zaps a wand.
The puff of flame hits you! The endoplasm hits you.
You slash the worm! You burn the worm.
You kill the worm!
Natasha casts a spell.
The endoplasm closely misses you. The endoplasm completely misses you.
Your Long Blades skill increases to level 1!
Your Armour skill increases to level 3!
You hit the endoplasm. You burn the endoplasm.
You kill the endoplasm!
You feel better. Natasha casts a spell at you. The magic dart hits you.
You hit Natasha but do no damage.
Natasha zaps a wand.
The puff of flame hits you. The shadow imp hits you.
You block Natasha's attack.
The iron imp hits you but does no damage.
The shadow imp closely misses you. Natasha claws you.
You barely miss Natasha. The shadow imp closely misses you.
Natasha barely misses you.
The iron imp hits you but does no damage.
The shadow imp hits you.
Natasha casts a spell.
The iron imp spits at you. The iron imp hits you.
* * * LOW HITPOINT WARNING * * *
You slash Natasha! You burn Natasha.
Natasha is severely wounded.
The shadow imp hits you but does no damage.
Natasha claws you.
* * * LOW HITPOINT WARNING * * *
The white imp sputters.
The iron imp grins evilly.
The iron imp hits you!
You die...

## .#..... #. .......
#... #....). # #......
#..... ########.
##<....##........
#.....†.#........ ....
#......@5........ .....
.......h5..............
########5.........
....# #..######### #...
#..###..b..###...
#######.##.......##...
........#b...P....##..
...##...###########...
#.................


You could see an iron imp (summoned), Natasha, a white imp (summoned) and a
shadow imp (summoned).

Vanquished Creatures
  An orc priest (D:2)
  A worm (D:2)
  A dart slug (D:1)
  6 orcs (D:2)
  2 ball pythons
  A bat (D:1)
  3 endoplasms
  3 hobgoblins
  4 jackals (D:2)
  3 kobolds
  2 frilled lizards (D:1)
  A rat (D:1)
28 creatures vanquished.

Notes
Turn   | Place    | Note
-------+----------+-------------------------------------------
     0 | D:1      | HallandMoats the Ghoul Fighter began the quest for the Orb.
     0 | D:1      | Reached XP level 1. HP: 19/19 MP: 0/0
   199 | D:1      | Reached XP level 2. HP: 26/26 MP: 1/1
   301 | D:1      | Found Fuulay's Jewellery Shoppe.
   513 | D:2      | Reached skill level 1 in Invocations
   611 | D:2      | Identified the +3 long sword "Qoorupea" {flame, rC+}
   632 | D:2      | Reached XP level 3. HP: 26/33 MP: 2/2
   644 | D:2      | Reached skill level 1 in Dodging
   685 | D:2      | Reached XP level 4. HP: 40/40 MP: 4/4
   797 | D:2      | Noticed Natasha
   818 | D:2      | Reached skill level 1 in Long Blades
   821 | D:2      | Slain by an iron imp

Illustrated notes

Levels and vault maps discovered:
D:1:      denvon_arrival_planthouse, layout_rooms, serial_shops,
          nicolae_shop_statue_plus, serial_bayou_pond_e
D:2:      cheibrodos_pilgrimage, layout_rooms, serial_aquarium,
          aquarium_bridge_square [aquarium_subvault_window,
          aquarium_subvault_bridge, aquarium_subvault_window,
          aquarium_subvault_bridge], aquarium_window_1,
          aquarium_window_corridor_2, aquarium_window_double,
          aquarium_window_fake, aquarium_view_2f, aquarium_view_2f,
          aquarium_balcony_1b, aquarium_pool_side, uniq_crazy_yiuf_cottage,
          uniq_natasha

Skill      XL: |  1  2  3  4 |
---------------+-------------+-----
Invocations    | 1 |  1.6
Dodging        | 1 |  1.1
Shields        | 3 |  3.0
Long Blades    | 1 |  1.0
Armour         | 3 |  3.0
Fighting       | |  3.8
Unarmed Combat | |  2.1

Action                   |  1- 3 |  4- 6 || total
-------------------------+-------+-------++-------
Melee: Unarmed           |    57 |       ||    57
       Long sword        |    10 |    17 ||    27
Armor: Scale mail        |    26 |     7 ||    33
Dodge: Dodged            |    25 |    15 ||    40
Block: Buckler           |     6 |     4 ||    10

Table legend: (Time is in decaauts)
 A = Elapsed time spent in this place.
 B = Non-inter-level travel time spent in this place.
 C = Inter-level travel time spent in this place.
 D = Time resting spent in this place.
 E = Time spent auto-exploring this place.
 F = Levels seen in this place.
 G = Mean time per level.
                   A        B        C        D        E       F      G
               +--------+--------+--------+--------+--------+-----+--------+
         Total |    837 |    814 |     23 |      0 |    612 |   2 |  418.5 |
       Dungeon |    837 |    814 |     23 |      0 |    612 |   2 |  418.5 |
               +--------+--------+--------+--------+--------+-----+--------+

Top non-repeatable levels by time:
     D:1: 513 daAuts
     D:2: 324 daAuts
